 Dungeon Sprint DCSS version 0.28.0-43-g3370ac3207 (webtiles) character file.

Game seed: 9988710209928480743

248 boopmooplesden the Cleaver (level 5, -2/52 HPs)
             Began as a Minotaur Berserker on Mar 5, 2022.
             Was a Follower of Trog.
             Slain by a neqoxec (5 damage)
             ... in the Dungeon (Sprint II: "The Violet Keep of Menkaure").
             The game lasted 00:00:19 (32 turns).

boopmooplesden the Cleaver (Minotaur Berserker)       Turns: 32, Time: 00:00:19

Health: -2/52      AC:  2    Str: 20    XL:     5   Next: 86%
Magic:  4/4        EV: 13    Int: -5 (4) God:    Trog [*.....]
Gold:   0          SH:  0    Dex:  9    Spells: 4/4 levels left

rFire   . . .      SeeInvis .   a - +0 hand axe
rCold   . . .      Faith    .   (no shield)
rNeg    . . .      Spirit   .   b - +0 animal skin
rPois   .          Reflect  .   (helmet restricted)
rElec   .          Harm     .   (no cloak)
rCorr   .          Rampage  .   (no gloves)
Will    .....      NoTele   +   (no boots)
Stlth   +.........              (no amulet)
HPRegen 0.17/turn               (no ring)
MPRegen 0.09/turn               (no ring)

@: on berserk cooldown, slowed, lost intelligence, unable to read, very slow
A: horns 2, retaliatory headbutt, frail 1, weak 2, no potion heal 1
a: Renounce Religion, Berserk


You were in the Dungeon.
You worshipped Trog.
Trog was aware of your devotion.
You visited 1 branch

Inventory:

Hand Weapons
 a - a +0 hand axe (weapon)
Armour
 b - a +0 animal skin (worn)
Scrolls
 h - a scroll of blinking
Potions
 c - a potion of curing
 e - a potion of haste
 f - 2 potions of magic
 g - a potion of berserk rage


   Skills:
 + Level 9.9 Fighting
 + Level 10.0 Axes
 + Level 4.9 Armour
 + Level 4.7 Dodging


You had 4 spell levels left.
You didn't know any spells.
Your spell library was empty.

Dungeon Overview and Level Annotations

Branches:
Dungeon (1/1)

Altars:

Shops:
D ?((


Innate Abilities, Weirdness & Mutations

You have a pair of horns on your head.
You reflexively headbutt those who attack you in melee.
You are frail. (-10% HP)
You are very weak. (Str -4)
Potions are less effective at restoring your health.


Message History

* * * LOW HITPOINT WARNING * * *
A neqoxec opens the door.
Found three shops.
You closely miss the neqoxec. The neqoxec barely misses you.
The neqoxec hits you!
* * * LOW HITPOINT WARNING * * *
The neqoxec gestures at you.
You feel dopey.
You have lost your intelligence.
Something feeds on your intellect! The neqoxec gestures at you.
You feel dopey. Something feeds on your intellect!
The neqoxec hits you but does no damage.
The neqoxec gestures at you.
Strange energies course through your body.
You feel weaker. The neqoxec gestures at you.
You feel dopey. Something feeds on your intellect! The neqoxec hits you.
* * * LOW HITPOINT WARNING * * *
The neqoxec hits you but does no damage.
You can move again.
The neqoxec closely misses you.
Your system partially rejects the healing.
You feel much better. The neqoxec gestures at you.
Strange energies course through your body.
You feel frail.
You barely miss the neqoxec. The neqoxec hits you.
* * * LOW HITPOINT WARNING * * *
You hit the neqoxec. Your headbutt misses the neqoxec.
The neqoxec is lightly wounded.
The neqoxec barely misses you. You furiously retaliate!
You headbutt the neqoxec. The neqoxec hits you.
* * * LOW HITPOINT WARNING * * *
You hit the neqoxec.
The neqoxec is heavily wounded.
The neqoxec hits you.
You die...

.... ....
∩...# .∩..#
## ∩.⌠.#≈##.#
#+#
..#≈#..###.##
+≈'3##'.<.+
#.#@##.##
##3###+# ###


You could see a neqoxec.

Vanquished Creatures
  2 neqoxecs (D)
2 creatures vanquished.

Notes
Turn   | Place    | Note
-------+----------+-------------------------------------------
     0 | D        | boopmooplesden the Minotaur Berserker began the quest for
                  | the Orb.
     0 | D        | Reached XP level 1. HP: 19/19 MP: 0/0
     1 | D        | Noticed a neqoxec
    11 | D        | Killed a neqoxec
    12 | D        | Reached skill level 8 in Axes
    12 | D        | Reached XP level 2. HP: 27/35 MP: 1/1
    12 | D        | Reached XP level 3. HP: 31/40 MP: 2/2
    12 | D        | Reached XP level 4. HP: 38/48 MP: 3/3
    13 | D        | Noticed a neqoxec
    13 | D        | Noticed a neqoxec
    14 | D        | Killed a neqoxec
    14 | D        | Gained mutation: You are weak. (Str -2) [a neqoxec]
    15 | D        | Reached skill level 10 in Axes
    15 | D        | Reached XP level 5. HP: 46/58 MP: 4/4
    15 | D        | Noticed a neqoxec
    21 | D        | Gained mutation: Potions are less effective at restoring
                  | your health. [a neqoxec]
    22 | D        | Found Xumuin's Antique Weapon Boutique.
    22 | D        | Found Jinlogei's Antique Weapon Boutique.
    22 | D        | Found Locinuk's Magic Scroll Shop.
    23 | D        | Lost intelligence.
    25 | D        | Gained mutation: You are very weak. (Str -4) [a neqoxec]
    29 | D        | Gained mutation: You are frail. (-10% HP) [a neqoxec]
    32 | D        | Slain by a neqoxec

Illustrated notes

Levels and vault maps discovered:
D:        the_violet_keep_of_menkaure [sprint2_stairs_cluster_1,
          sprint2_shoproom, sprint2_temple, sprint2_basic_supplies,
          sprint2_obstacle_4, sprint2_obstacle_5, sprint2_obstacle_7,
          sprint2_obstacle_2, sprint2_obstacle_1, sprint2_timed_cluster_1,
          sprint2_smallroom_cluster_1, sprint2_smallroom_final_cluster_1,
          sprint2_transparent_cluster_1, sprint2_second_timed_cluster_1,
          sprint2_sniper_area_1, sprint2_heavy_combat_area_1,
          sprint2_mutation_trap_area_1, sprint2_forest_area_1,
          sprint2_light_combat_area_1, sprint2_behind_water_1,
          sprint2_near_end_vault_1]

Skill      XL: |  1  2  3  4 |
---------------+-------------+-----
Fighting       | 8 9 |  9.9
Axes           | 8 10 | 10.0
Armour         | 4 |  4.9
Dodging        | 4 |  4.7

Action                   |  1- 3 |  4- 6 || total
-------------------------+-------+-------++-------
Melee: Hand axe          |     8 |    10 ||    18
       Headbutt          |     1 |     2 ||     3
Invok: Berserk           |     1 |       ||     1
  Use: Potion            |       |     1 ||     1
Armor: Animal skin       |     1 |     2 ||     3
Dodge: Dodged            |     3 |    11 ||    14
